AoeStats
← Rhamlock

Arabia

507534138Analyzed
1v1 RM · 15d ago on Sep 18, 2026· 18m 44s· 2 players
Game mode
Random Map
Map size
Tiny (2 player)
Population
200
Speed
Normal
Resources
Standard
Victory
Conquest
Starting age
Dark Age
Ending age
Imperial Age
RankedLock teamsTeams togetherTeam positionsShared explorationLock speedFull tech treeHidden civsTurbo modeCheats
Victory
Defeat
🇭🇳 Japanese · Honduras
1251
+19
🇨🇴 Huns · Colombia
1313
-19
Rhamlock
6:33 Loom
9:40 Feudal Age
10:23 Man-at-Arms
13:35 Arson
14:45 Scale Mail Armor
14:41 Fletching
15:04 Forging
Onifasio Salavarrieta
6:53 Loom
9:23 Feudal Age
9:52 Double-Bit Axe
Connection lost

Rejoining the realm…

Still unreachable

The connection could not be restored.

Session expired

The server has moved on; the page needs a fresh start.